 Dungeon Crawl Stone Soup version 0.28.0-43-g3370ac3207 (webtiles) character file.

Game seed: 16149318355796207142

1040 Gabide the Magician (level 8, -17/56 HPs)
             Began as a Mummy Necromancer on Mar 24, 2022.
             Demolished by a death knight
             ... wielding a +1 broad axe
              (24 damage)
             ... on level 7 of the Dungeon on Mar 25, 2022.
             The game lasted 00:13:30 (7652 turns).

Gabide the Magician (Mummy Necromancer)             Turns: 7652, Time: 00:13:31

Health: -17/56     AC:  4    Str: 17    XL:     8   Next: 4%
Magic:  11/19      EV: 12    Int: 17    God:
Gold:   277        SH:  0    Dex: 12    Spells: 9/22 levels left

rFire   x . .      SeeInvis .   j - +0 dagger (elec)
rCold   + + .      Faith    .   (no shield)
rNeg    + + +      Spirit   .   a - +0 robe
rPois   ∞          Reflect  .   (no helmet)
rElec   .          Harm     .   i - +1 cloak
rCorr   .          Rampage  .   (no gloves)
Will    +....                   (no boots)
Stlth   ++........              (no amulet)
HPRegen 0.18/turn               b - ring of protection from cold
MPRegen 0.16/turn               m - +6 ring of strength

@: about to teleport
A: cold resistance 1, negative energy resistance 3, torment resistance 2, heat
vulnerability 1, no potions
a: no special abilities


You were on level 7 of the Dungeon.
You visited 2 branches of the dungeon, and saw 7 of its levels.

You collected 334 gold pieces.
You spent 57 gold pieces at shops.

Inventory:

Hand Weapons
 f - a +1 dagger of venom
 j - a +0 dagger of electrocution (weapon)
Armour
 a - a +0 robe (worn)
 i - a +1 cloak (worn)
Magical Staves
 o - a staff of earth
Jewellery
 b - a ring of protection from cold (left hand)
 l - a ring of ice
 m - a +6 ring of strength (right hand)
Wands
 q - a wand of polymorph (22)
Scrolls
 c - a scroll of amnesia {unknown}
 d - a scroll of acquirement {unknown}
 e - 3 scrolls of identify {unknown}
 g - a scroll of brand weapon {unknown}
 h - a scroll of teleportation
 k - 3 scrolls of immolation
 n - a scroll of enchant armour {unknown}
 r - a scroll of magic mapping {unknown}


   Skills:
 * Level 2.2 Fighting
 + Level 0.4 Short Blades
 * Level 3.2 Dodging
 + Level 1.9 Stealth
 * Level 7.5 Spellcasting
 * Level 6.9 Necromancy


You had 9 spell levels left.
You knew the following spells:

 Your Spells              Type           Power      Damage    Failure   Level
a - Pain                  Necr           100%       1d9       1%          1
b - Vampiric Draining     Necr           29%        2d8       1%          3
c - Animate Dead          Necr           14%        N/A       6%          4
d - Agony                 Necr           29%        N/A       19%         5

Your spell library contained the following spells:

 Spells                   Type           Power      Damage    Failure   Level
 Animate Skeleton         Necr           58%        N/A       1%          1
 Gell's Gravitas          Tloc           6%         N/A       32%         3
 Lesser Beckoning         Tloc           6%         N/A       32%         3
 Teleport Other           Tloc           6%         N/A       32%         3


Dungeon Overview and Level Annotations

Branches:
Dungeon (5/15)             Temple (1/1) D:4

Altars:
Ashenzari
Cheibriados
Dithmenos
Elyvilon
Fedhas
Hepliaklqana
Nemelex Xobeh
Okawaru
Qazlal
Trog
Uskayaw
Xom
Yredelemnul
Zin
The Shining One

Shops:
D:1 *   D:2 *

Annotations:
D:3 1 runed translucent door, doomsgape's ghost, amateur MiFi


Innate Abilities, Weirdness & Mutations

You are immune to poison.
Your flesh is cold resistant. (rC+)
You are immune to negative energy. (rN+++)
You are immune to unholy pain and torment.
You are vulnerable to heat. (rF-)
You do not drink.


Message History

You have reached level 8!
Press: ? - help, v - describe, . - travel
Here: a death knight, wielding a +1 broad axe and wearing a +0 plate armour (reflecting injuries)
The floor.
Unknown command.
Casting: Pain (safe; 1% risk of failure)
Confirm with . or Enter, or press ? or * to list all spells.
The spell is quite dangerous to miscast (19% risk of failure)!
Continue anyway?
Okay, then.
Casting: Agony (quite dangerous; 19% risk of failure)
Confirm with . or Enter, or press ? or * to list all spells.
The spell is quite dangerous to miscast (19% risk of failure)!
Continue anyway?
Aiming: Agony (quite dangerous; 19% risk of failure)
Press: ? - help, Shift-Dir - straight line, f - death knight
Aim: a death knight, wielding a +1 broad axe and wearing a +0 plate armour (reflecting injuries, chance to affect: 52%)
The death knight resists with significant effort.
The death knight hits you with a +1 broad axe!!
Things that are here:
a +0 war axe; a +0 ring mail; an orc corpse The death knight's dark mirror aura disappears.
Press: ? - help, v - describe, . - travel The floor.
Press: ? - help, v - describe, . - travel
Here: a death knight, wielding a +1 broad axe and wearing a +0 plate armour The floor.
Unknown command.
Unknown command.
Casting: Agony (quite dangerous; 19% risk of failure)
Confirm with . or Enter, or press ? or * to list all spells.
Aiming: Vampiric Draining (safe; 1% risk of failure)
Press: ? - help, Shift-Dir - straight line, f/p - death knight
Aim: a death knight, wielding a +1 broad axe and wearing a +0 plate armour You draw life force from the death knight.
You feel life coursing into your body.
The death knight hits you with a +1 broad axe!!
* * * LOW HITPOINT WARNING * * *
As you read the scroll of teleportation, it crumbles to dust.
You feel strangely unstable. The death knight misses you.
The death knight hits you with a +1 broad axe!!
You die...

#.
##)#........
#.
##...#...###.
#.###..#..#..#
#.=...###..#'#
#.#..## ##...#
#.#.## ##..#
#.#..## ##...#
#.##.p##+....#
#. ##.@#.....#
#. ##.......#
♣♣ #.
....####.# ♣.
##### #.#♣♣ ♣.
#.#.. ♣.
#.#.♣♣♣♣# ♣.
#.#†....♣♣♣.
#.#.♣♣♣.....
#.#.)...♣♣♣.


You could see a death knight.

Vanquished Creatures
  2 sky beasts (D:7)
  An ice beast (D:7)
  A black bear (D:4)
  An ogre (D:5)
  A centaur (D:5)
  A phantom (D:7)
  A scorpion (D:5)
  A howler monkey (D:7)
  A hound (D:4)
  A jelly (D:7)
  2 orc priests (D:3)
  A gnoll shaman (D:7)
  An orc wizard (D:4)
  An iguana (D:5)
  3 adders
  A shadow imp (D:5)
  A white imp (D:7)
  An ufetubus (D:5)
  2 adder skeletons (D:4)
  A worm (D:3)
  3 dart slugs
  10 orcs
  7 ball pythons
  7 bats
  10 endoplasms
  A giant cockroach (D:3)
  10 hobgoblins
  5 jackals
  6 kobolds
  5 quokkas
  A frilled lizard (D:2)
  8 goblins
  5 rats
103 creatures vanquished.

Vanquished Creatures (others)
  An orc wizard (D:7)
  8 plants (D:7)
9 creatures vanquished.

Grand Total: 112 creatures vanquished

Notes
Turn   | Place    | Note
-------+----------+-------------------------------------------
     0 | D:1      | Gabide the Mummy Necromancer began the quest for the Orb.
     0 | D:1      | Reached XP level 1. HP: 13/13 MP: 4/4
   485 | D:1      | Reached XP level 2. HP: 19/19 MP: 2/5
   606 | D:1      | Found Jozehuuw's Assorted Antiques.
   615 | D:1      | Bought a scroll labelled GANUESTO DONEQ for 18 gold pieces
   874 | D:1      | Reached skill level 3 in Spellcasting
  1475 | D:2      | Reached XP level 3. HP: 24/24 MP: 4/7
  2162 | D:2      | Found Oducheuf's General Store.
  2215 | D:2      | Bought a scroll of teleportation for 39 gold pieces
  2768 | D:2      | Reached XP level 4. HP: 25/31 MP: 6/9
  2827 | D:2      | Learned a level 3 spell: Vampiric Draining
  2832 | D:2      | Learned a level 4 spell: Animate Dead
  3151 | D:3      | Reached skill level 4 in Spellcasting
  3258 | D:3      | Noticed doomsgape's ghost (amateur MiFi)
  3260 | D:3      | Found a runed translucent door.
  3694 | D:3      | Reached XP level 5. HP: 36/36 MP: 8/11
  3695 | D:3      | Reached skill level 5 in Necromancy
  3951 | D:3      | Reached skill level 1 in Fighting
  4374 | D:4      | Noticed a black bear
  4404 | D:4      | Killed a black bear
  4405 | D:4      | Reached skill level 5 in Spellcasting
  4813 | D:4      | Reached XP level 6. HP: 42/43 MP: 7/13
  4819 | D:4      | Learned a level 5 spell: Agony
  5154 | D:4      | Found a staircase to the Ecumenical Temple.
  5188 | Temple   | Entered the Ecumenical Temple
  5737 | D:5      | Entered Level 5 of the Dungeon
  6783 | D:5      | Reached XP level 7. HP: 49/49 MP: 7/15
  6841 | D:5      | You fall into a shaft and drop 2 floors!
  6866 | D:7      | Reached skill level 6 in Spellcasting
  6914 | D:7      | Found a broken altar of Ashenzari.
  7006 | D:7      | Found a flagged portal.
  7273 | D:7      | Noticed a two-headed ogre
  7304 | D:7      | Noticed a green ugly thing
  7304 | D:7      | Noticed a hornet
  7308 | D:7      | Reached skill level 7 in Spellcasting
  7317 | D:7      | Noticed a centaur warrior
  7317 | D:7      | Noticed a white ugly thing
  7317 | D:7      | Noticed a troll
  7325 | D:7      | Noticed a slime creature
  7634 | D:7      | Noticed a death knight
  7639 | D:7      | Reached XP level 8. HP: 45/56 MP: 17/19
  7652 | D:7      | Demolished by a death knight

Illustrated notes

Levels and vault maps discovered:
D:1:      erik_arrival_cave_to_civilisation [erik_arrival_cave_to_hall],
          layout_basic, serial_shops, nicolae_shop_statue_plus
D:2:      layout_loops_ring, serial_shops, nicolae_square_shop,
          minmay_box_of_dots
D:3:      layout_loops_ring, hellmonk_ghost_happy_afterlife
D:4:      layout_basic, lemuel_round_altar, minmay_temple_entry_junction,
          minivault_4
D:5:      minmay_razor_zed, layout_basic, mainiacjoe_overflow_six_doors_small,
          chequers_serial_rivers_room_a, st_stairs_2
D:7:      nzn_winding_woodlands_large [nzn_winding_woodlands_5x5_closed_star,
          nzn_winding_woodlands_5x15_longhouse, nzn_winding_woodlands_5x5_three,
          nzn_winding_woodlands_center_garden,
          nzn_winding_woodlands_15x15_killbox,
          nzn_winding_woodlands_center_triple_pond,
          nzn_winding_woodlands_5x5_checkerboard,
          nzn_winding_woodlands_5x15_sidewinder,
          nzn_winding_woodlands_5x5_cross], layout_loops_corners,
          mainiacjoe_overflow_tiny_flanked, enter_bailey_8, enter_ossuary_5,
          minmay_crossroads
Temple:   dshaligram_water_room_temple

Skill      XL: |  1  2  3  4  5  6  7 |
---------------+----------------------+-----
Spellcasting   | 3 4 5 7 |  7.5
Dodging        | 2 3 |  3.2
Necromancy     | 5 6 |  6.9
Fighting       | 1 2 |  2.2
Short Blades   | |  0.4
Stealth        | |  1.9

Action                   |  1- 3 |  4- 6 |  7- 9 || total
-------------------------+-------+-------+-------++-------
Melee: Unarmed           |     9 |     1 |       ||    10
       Dagger            |       |    33 |    15 ||    48
 Cast: Pain              |   100 |    87 |    15 ||   202
       Vampiric Draining |       |    14 |    13 ||    27
       Agony             |       |       |     1 ||     1
  Use: Scroll            |       |     2 |     2 ||     4
Armor: Robe              |     6 |    14 |     7 ||    27
Dodge: Dodged            |    15 |    31 |    15 ||    61
